 Dungeon Crawl Stone Soup version 0.30-a0-385-gfebfb9b408 (webtiles) character file.

Game seed: 6054945827180368582

1575 ragingrage the Skirmisher (level 8, -2/61 HPs)
             Began as a Black Draconian Hunter on Dec 2, 2022.
             Killed by divine providence
             ... invoked by an orc priest
              (13 damage)
             ... on level 6 of the Dungeon.
             The game lasted 00:05:46 (6154 turns).

ragingrage the Skirmisher (Black Draconian Hunter)  Turns: 6154, Time: 00:05:46

Health: -2/61      AC:  6    Str: 14    XL:     8   Next: 60%
Magic:  8/8        EV: 12    Int:  9    God:
Gold:   279        SH:  0    Dex: 17    Spells: 7/7 levels left

rFire   . . .      SeeInvis .    a - +0 shortbow
rCold   . . .      Faith    .    (shield currently unavailable)
rNeg    . . .      Spirit   .    (body armour unavailable)
rPois   .          Reflect  .    (helmet restricted)
rElec   +          Harm     .    (no cloak)
rCorr   .          Rampage  .    (no gloves)
Will    +....                    (no boots)
Stlth   ++........               (no amulet)
HPRegen 0.30/turn                l - ring of willpower
MPRegen 0.11/turn                (no ring)

@: lethally poisoned (-2 -> -8), short of breath
A: breathe lightning, AC +6, unfitting armour, electricity resistance,
cold-blooded
a: Breathe Lightning


You were on level 6 of the Dungeon.
You visited 1 branch of the dungeon, and saw 6 of its levels.

You collected 279 gold pieces.

Inventory:

Hand Weapons
 a - a +0 shortbow (weapon)
Jewellery
 d - a ring of willpower
 l - a ring of willpower (left hand)
Wands
 m - a wand of digging (8)
 n - a wand of paralysis (18)
 u - a wand of flame (14)
Scrolls
 b - 2 scrolls of immolation
 c - 2 scrolls of enchant armour
 e - a scroll of fog {unknown}
 j - a scroll of blinking {unknown}
 o - 2 scrolls of poison
 p - 2 scrolls of fear
 v - a scroll of amnesia {unknown}
 w - 2 scrolls of magic mapping {unknown}
 x - a scroll of teleportation
 y - a scroll of identify
Potions
 f - a potion of cancellation {unknown}
 g - a potion of heal wounds {unknown}
 h - a potion of brilliance {unknown}
 i - 3 potions of mutation
 k - 4 potions of flight {unknown}
 q - 3 potions of magic {unknown}
 r - a potion of attraction {unknown}
 s - 2 potions of haste {unknown}
 t - 2 potions of curing


   Skills:
 - Level 2.1 Fighting
 + Level 10.6 Ranged Weapons
 - Level 1.7 Dodging
 - Level 0.8 Stealth


You had 7 spell levels left.
You didn't know any spells.
Your spell library contained the following spells:

 Spells                   Type           Power      Damage    Failure   Level
 Apportation              Tloc           0%         N/A       38%         1
 Kiss of Death            Conj/Necr      0%         2d5       38%         1
 Necrotise                Necr           0%         1d4       38%         1
 Summon Small Mammal      Summ           0%         N/A       38%         1
 Confusing Touch          Hex            0%         N/A       77%         3
 Portal Projectile        Hex/Tloc       0%         N/A       77%         3
 Tukima's Dance           Hex            0%         N/A       77%         3
 Dispel Undead            Necr           0%         3d6       99%         4
 Blade Hands              Tmut           0%         N/A       100%        5


Dungeon Overview and Level Annotations

Branches:
Dungeon (6/15)
 Temple: D:4-7

Altars:
Gozag
Kikubaaqudgha

Annotations:
D:3 3 runed translucent doors, flotson's ghost, weakling DsDe
D:5 3 runed translucent doors, sirJeffrey23's ghost, amateur DrFE


Innate Abilities, Weirdness & Mutations

You can breathe wild blasts of lightning.
Your glossy black scales are hard. (AC +6)
You cannot fit into any form of body armour.
You are resistant to electric shocks. (rElec)
You are cold-blooded and may be slowed by cold attacks.


Message History

The orb of electricity explodes!
The orb of electricity engulfs you! You resist.
You hear a shout!
Fire: a) +0 shortbow
Press: ? - help, Q - select action, (/) - cycle Shift-Dir - straight line, f - orc priest
Aim: an orc priest, wielding a +1 whip of venom and wearing a +0 chain mail (moderately wounded, 72% to hit)
You shoot an arrow.
The arrow hits the orc priest but does no damage.
The orc priest is moderately wounded.
Fire: a) +0 shortbow
Press: ? - help, Q - select action, (/) - cycle Shift-Dir - straight line, f/p - orc priest
Aim: an orc priest, wielding a +1 whip of venom and wearing a +0 chain mail (moderately wounded, 72% to hit)
You shoot an arrow. The arrow barely misses the orc priest.
The arrow closely misses the orc warrior.
The orc warrior hits you from afar with a +0 halberd!
The orc priest mumbles some strange prayers to Beogh against you.
Pain shoots through your body!
Fire: a) +0 shortbow
Press: ? - help, Q - select action, (/) - cycle Shift-Dir - straight line, f/p - orc priest
Aim: an orc priest, wielding a +1 whip of venom and wearing a +0 chain mail (moderately wounded, 72% to hit)
You shoot an arrow. The arrow hits the orc priest.
The orc priest is severely wounded.
The orc priest mumbles some strange prayers to Beogh against you.
Beogh smites you!
The orc warrior hits you from afar with a +0 halberd!
* * * LOW HITPOINT WARNING * * *
Fire: a) +0 shortbow
Press: ? - help, Q - select action, (/) - cycle Shift-Dir - straight line, f/p - orc priest
Aim: an orc priest, wielding a +1 whip of venom and wearing a +0 chain mail (severely wounded, 72% to hit)
You shoot an arrow. The arrow hits the orc priest.
The orc priest is almost dead.
You hear a shout!
The orc priest hits you with a +1 whip of venom.
* * * LOW HITPOINT WARNING * * *
You are poisoned.
The orc warrior closely misses you.
You feel sick.
The orc priest invokes the aid of Beogh against you.
Beogh smites you!
You die...

##.....###...'.#####....#
###.....###..#.##.....###
.###.....###.#.........#
..###.....####.###.#.#.#
...###.....###.#...#.#.#
'#######'####..#.###.#.#
...............#.#...#.#
###....#####..##.#.#<#.#
#.##.#####.###@#.#.#.#
#.......##.# #.#...#.#
###........# #o#..##.####
#........# #o#.........
#......>## #{#.........
#.......# #....o....).
#.......# ####o.......
#......................
#......................


You could see an orc warrior and an orc priest.

Vanquished Creatures
  Grinder (D:4)
  Eustachio (D:6)
  A water moccasin (D:6)
  A sky beast (D:5)
  A black bear (D:4)
  An ogre (D:4)
  A centaur (D:6)
  A phantom (D:3)
  Blork the orc (D:5)
  A gnoll sergeant (D:6)
  A hound (D:4)
  2 orc priests
  Jessica (D:2)
  5 orc wizards
  Ijyb (D:3)
  2 iguanas
  A gnoll (D:1)
  10 adders
  A shadow imp (D:6)
  2 white imps
  2 ufetubi
  3 worms
  A dart slug (D:2)
  19 orcs
  8 ball pythons
  4 bats
  8 endoplasms
  6 giant cockroaches
  17 hobgoblins
  5 quokkas
  6 frilled lizards
  8 goblins
  9 kobolds
  2 rats
134 creatures vanquished.

Notes
Turn   | Place    | Note
-------+----------+-------------------------------------------
     0 | D:1      | ragingrage the Draconian Hunter began the quest for the
                  | Orb.
     0 | D:1      | Reached XP level 1. HP: 17/17 MP: 1/1
   101 | D:1      | Reached skill level 4 in Ranged Weapons
   108 | D:1      | Reached XP level 2. HP: 19/24 MP: 2/2
   443 | D:1      | Reached XP level 3. HP: 29/29 MP: 3/3
   652 | D:1      | Found a faded altar of an unknown god.
   893 | D:2      | Reached skill level 5 in Ranged Weapons
   945 | D:2      | Reached XP level 4. HP: 36/36 MP: 4/4
  1065 | D:2      | Noticed Jessica
  1073 | D:2      | Killed Jessica
  1260 | D:3      | Found an ancient bone altar of Kikubaaqudgha.
  1429 | D:3      | Found an opulent altar of Gozag.
  1447 | D:3      | Reached XP level 5. HP: 35/41 MP: 5/5
  1449 | D:3      | Reached skill level 6 in Ranged Weapons
  1676 | D:3      | Noticed a phantom
  1683 | D:3      | Killed a phantom
  1684 | D:3      | Reached XP level 6. HP: 44/48 MP: 6/6
  1759 | D:3      | Noticed Ijyb
  1776 | D:3      | Killed Ijyb
  2205 | D:3      | Found a runed translucent gate.
  2206 | D:3      | Found a runed translucent gate.
  2206 | D:3      | Noticed flotson's ghost (weakling DsDe)
  2208 | D:3      | Found a runed translucent gate.
  2558 | D:4      | Reached skill level 7 in Ranged Weapons
  3084 | D:4      | Your scales start taking on a glossy black colour.
  3084 | D:4      | Reached XP level 7. HP: 55/55 MP: 7/7
  3084 | D:4      | Gained mutation: You are resistant to electric shocks.
                  | (rElec) [Black Draconian growth]
  3136 | D:4      | Reached skill level 8 in Ranged Weapons
  3409 | D:4      | Noticed Grinder
  3416 | D:4      | Paralysed by Grinder for 2 turns
  3444 | D:4      | Killed Grinder
  3756 | D:5      | Entered Level 5 of the Dungeon
  3832 | D:5      | Noticed Blork the orc
  3841 | D:5      | Killed Blork the orc
  3842 | D:5      | Reached skill level 9 in Ranged Weapons
  4234 | D:5      | Noticed Eustachio
  4277 | D:6      | Killed Eustachio
  4278 | D:6      | Reached XP level 8. HP: 27/61 MP: 8/8
  4867 | D:6      | Noticed a two-headed ogre
  5098 | D:5      | Reached skill level 10 in Ranged Weapons
  5278 | D:5      | Found a runed translucent gate.
  5279 | D:5      | Found a runed translucent gate.
  5279 | D:5      | Noticed sirJeffrey23's ghost (amateur DrFE)
  5280 | D:5      | Found a runed translucent gate.
  5280 | D:5      | Identified the +5 spear of Victory {antimagic, rCorr Str+10
                  | Dex-2 Stlth-}
  5280 | D:5      | Identified the +2 scale mail "Nius" {Str-5 Dex+4 Slay+5}
  5281 | D:5      | Identified the +1 plate armour of Forking Paths {rCorr}
  6154 | D:6      | Killed from afar by an orc priest

Illustrated notes

Levels and vault maps discovered:
D:1:      ncdulo_wetmaze, layout_basic, shapermc_ecumenical_altar_acropolis,
          minmay_fountain_box, minmay_stone_trees_small, minmay_small_reverse_x
D:2:      layout_rooms, minmay_tromino_mix6, uniq_jessica
D:3:      layout_loops_corners, mainiacjoe_overflow_alcove_4,
          kiku_gazebo_pond_becter, gammafunk_ghost_nasty_kobolds, uniq_ijyb
D:4:      layout_loops_ring, serial_rivers, chequers_serial_rivers_micro_b,
          chequers_serial_rivers_micro_a, chequers_serial_rivers_small_3,
          chequers_serial_rivers_small_b, chequers_serial_rivers_micro_d,
          chequers_serial_rivers_room_a, uniq_grinder
D:5:      layout_rooms, biasface_ghost_orc_armoury, uniq_eustachio,
          uniq_blork_the_orc
D:6:      layout_basic, gup_sewer_entry_bubbles, minmay_quadrilaterals

Skill      XL: |  1  2  3  4  5  6  7  8 |
---------------+-------------------------+-----
Ranged Weapons | 4 5 6 7 9 10 | 10.6
Fighting       | |  2.1
Dodging        | |  1.7
Stealth        | |  0.8

Action                   |  1- 3 |  4- 6 |  7- 9 || total
-------------------------+-------+-------+-------++-------
 Fire: Shortbow          |   110 |   187 |   258 ||   555
 Abil: Breathe Lightning |       |       |     8 ||     8
  Use: Scroll            |       |       |     5 ||     5
       Potion            |       |       |     1 ||     1
Armor: Skin              |    17 |    28 |    44 ||    89
Dodge: Dodged            |    26 |    65 |    79 ||   170

Table legend: (Time is in decaauts)
 A = Elapsed time spent in this place.
 B = Non-inter-level travel time spent in this place.
 C = Inter-level travel time spent in this place.
 D = Time resting spent in this place.
 E = Time spent auto-exploring this place.
 F = Levels seen in this place.
 G = Mean time per level.
                   A        B        C        D        E       F      G
               +--------+--------+--------+--------+--------+-----+--------+
         Total |   6244 |   6022 |    222 |   1072 |   3895 |   6 | 1040.7 |
       Dungeon |   6244 |   6022 |    222 |   1072 |   3895 |   6 | 1040.7 |
               +--------+--------+--------+--------+--------+-----+--------+

Top non-repeatable levels by time:
     D:4: 1727 daAuts
     D:3: 1229 daAuts
     D:6: 1202 daAuts
     D:1: 884 daAuts
     D:5: 807 daAuts
     D:2: 394 daAuts
